 Dungeon Crawl Stone Soup version 0.30-a0-860-g512cf1e979 (webtiles) character file.

Game seed: 15846599908603684526

80 qeuew the Slasher (level 4, -3/35 HPs)
             Began as a Demonspawn Chaos Knight on Mar 7, 2023.
             Was a Plaything of Xom.
             Killed by nerve-wracking pain
             ... invoked by Grinder
              (14 damage)
             ... on level 3 of the Dungeon.
             The game lasted 00:02:05 (1488 turns).

qeuew the Slasher (Demonspawn Chaos Knight)         Turns: 1488, Time: 00:02:05

Health: -3/35      AC:  5    Str: 12    XL:     4   Next: 18%
Magic:  4/4        EV: 12    Int: 12    God:    Xom [....*.]
Gold:   79         SH:  0    Dex: 14    Spells: 3/3 levels left

rFire   . . .      SeeInvis .    a - +0 falchion (chaos)
rCold   . . .      Faith    .    (no shield)
rNeg    . . .      Spirit   .    b - +2 leather armour
rPois   .          Reflect  .    (helmet restricted)
rElec   .          Rampage  .    (no cloak)
rCorr   .                        (no gloves)
Will    .....                    (no boots)
Stlth   +                        (no amulet)
HPRegen 0.25/turn                (no ring)
MPRegen 0.09/turn                (no ring)

@: mighty
A: horns 1, ignite blood 1, dopey 1, sturdy frame 1
a: Renounce Religion


You were on level 3 of the Dungeon.
You worshipped Xom.
You were a beloved toy of Xom.
You visited 1 branch of the dungeon, and saw 3 of its levels.

You collected 79 gold pieces.

Inventory:

Hand Weapons
 a - a +0 falchion of chaos (weapon)
Armour
 b - a +2 leather armour (worn)
Scrolls
 d - 2 scrolls of identify
 i - a scroll of amnesia
 k - a scroll of brand weapon
Potions
 e - a potion of curing
 f - a potion of mutation
 g - a potion of cancellation
 h - a potion of flight
 l - a potion of ambrosia
Miscellaneous
 c - a piece from Xom's chessboard (15/15) (quivered)


   Skills:
 + Level 3.3 Fighting
 * Level 3.3 Long Blades
 * Level 2.6 Armour
 + Level 1.4 Dodging
 + Level 1.2 Evocations


You had 3 spell levels left.
You didn't know any spells.
Your spell library contained the following spells:

 Spells                   Type           Power      Damage    Failure   Level
 Blink                    Tloc           0%         N/A       45%         2
 Lesser Beckoning         Tloc           0%         N/A       45%         2
 Momentum Strike          Conj/Tloc      0%         3d8       45%         2
 Dazzling Flash           Conj/Hex       0%         N/A       71%         3
 Iskenderun's Mystic Bla  Conj/Tloc      0%         2d3       98%         4
 Starburst                Conj/Fire      0%         6d3       100%        6


Dungeon Overview and Level Annotations

Branches:
Dungeon (3/15)

Altars:

Shops:
D:2 (

Annotations:
D:3 Grinder


Innate Abilities, Weirdness & Mutations

You have a pair of small horns on your head.
Your demonic aura sometimes causes spilled blood to erupt in flames.
You are dopey. (Int -2)
Your movements are slightly less encumbered by armour. (ER -2)


Message History

Grinder hits you.
You writhe in agony.
You hit Grinder.
Grinder convulses.
Grinder is lightly wounded.
Grinder closely misses you.
You hit Grinder but do no damage. Lightning courses through Grinder!!
Grinder is severely wounded.
Grinder barely misses you.
You hit Grinder but do no damage. Your headbutt misses Grinder.
Grinder is severely wounded.
Grinder hits you but does no damage.
You barely miss Grinder.
Grinder is severely wounded.
Grinder blinks!
The rat bites you.
You closely miss the kobold. Xom grants you a minor favour.
You feel very mighty all of a sudden. The rat closely misses you.
The kobold misses you. The rat barely misses you.
The kobold hits you but does no damage. Grinder gestures at you.
You suddenly lose the ability to move!
The rat bites you. The kobold completely misses you.
The rat bites you but does no damage. The kobold hits you but does no damage.
Grinder hits you.
You writhe in agony.
You can move again.
You closely miss Grinder. Your headbutt misses Grinder.
Grinder is heavily wounded.
The rat bites you.
The kobold hits you with a +0 short sword.
Grinder barely misses you.
You slash Grinder! Lightning courses through Grinder!
Your headbutt misses Grinder.
Grinder is almost dead.
You almost hear Xom's maniacal laughter.
Your leather armour briefly grows fur, then returns to normal.
You are now a beloved toy of Xom.
The rat barely misses you. The kobold hits you but does no damage.
Grinder gestures at you. Pain shoots through your body!
You die...

####.### #.#######.#
........## #.# #<# .....
#..# #.# #.#
.....###.### #.# #.<
......#....###.#########
......:..†..........#
###........###.####.#
##.#.5#.## #.# # #.@#.#
#.# #..Kr.......#
####.#..##..# ..........
...#..##### ..?.... ....
## .....


You could see Grinder, a kobold and a rat.

Vanquished Creatures
  4 adders (D:2)
  A worm (D:2)
  4 bats
  4 endoplasms
  3 giant cockroaches (D:2)
  3 goblins
  3 hobgoblins
  2 jackals (D:2)
  A quokka (D:3)
  4 ball pythons
  3 frilled lizards (D:2)
  5 kobolds
  5 rats
42 creatures vanquished.

Notes
Turn   | Place    | Note
-------+----------+-------------------------------------------
     0 | D:1      | qeuew the Demonspawn Chaos Knight began the quest for the
                  | Orb.
     0 | D:1      | Reached XP level 1. HP: 18/18 MP: 1/1
   145 | D:1      | Reached skill level 1 in Dodging
   362 | D:1      | Gained mutation: Your demonic aura sometimes causes spilled
                  | blood to erupt in flames. [demonic ancestry]
   362 | D:1      | Reached XP level 2. HP: 22/24 MP: 2/2
   602 | D:1      | Gained mutation: You are dopey. (Int -2) [potion of
                  | mutation]
   602 | D:1      | Gained mutation: Your movements are slightly less
                  | encumbered by armour. (ER -2) [potion of mutation]
   703 | D:2      | You fall into a shaft and drop 1 floor!
   725 | D:3      | Identified the +6 rapier "Buelekod" {antimagic, SInv
                  | Stlth+}
   773 | D:3      | Found a faded altar of an unknown god.
   876 | D:2      | Reached XP level 3. HP: 29/29 MP: 3/3
   947 | D:2      | Reached skill level 1 in Evocations
  1137 | D:2      | Found Obowetamp's Antique Weapon Shoppe.
  1172 | D:2      | Gained mutation: You have a pair of small horns on your
                  | head. [demonic ancestry]
  1172 | D:2      | Reached XP level 4. HP: 34/35 MP: 4/4
  1473 | D:3      | Noticed Grinder
  1484 | D:3      | XOM: potion effect (might)
  1484 | D:3      | Paralysed by Grinder for 3 turns
  1488 | D:3      | XOM: silly message
  1488 | D:3      | Killed from afar by Grinder

Illustrated notes

Levels and vault maps discovered:
D:1:      wander_arrival_chamber, layout_basic
D:2:      layout_loops_ring, serial_shops, nicolae_shop_hallway_plus,
          minmay_heptomino_o4
D:3:      layout_loops_ring, grunt_temple_overflow_bloody_war,
          mainiacjoe_overflow_small_starburst, cheibrodos_sewer_entry_sluice,
          ebering_ecumenical_altar_webs, uniq_grinder, uniq_sigmund

Skill      XL: |  1  2  3 |
---------------+----------+-----
Dodging        | 1 |  1.4
Armour         | 2 |  2.6
Long Blades    | 3 |  3.3
Evocations     | 1 |  1.2
Fighting       | |  3.3

Action                     |  1- 3 |  4- 6 || total
---------------------------+-------+-------++-------
  Melee: Falchion          |    95 |    35 ||   130
         Headbutt          |       |     4 ||     4
    Use: Scroll            |     4 |     3 ||     7
         Potion            |     2 |       ||     2
 Armour: Leather armour    |    42 |    13 ||    55
  Dodge: Dodged            |    70 |    25 ||    95

Table legend: (Time is in decaauts)
 A = Elapsed time spent in this place.
 B = Non-inter-level travel time spent in this place.
 C = Inter-level travel time spent in this place.
 D = Time resting spent in this place.
 E = Time spent auto-exploring this place.
 F = Levels seen in this place.
 G = Mean time per level.
                   A        B        C        D        E       F      G
               +--------+--------+--------+--------+--------+-----+--------+
         Total |   1506 |   1459 |     47 |      0 |   1134 |   3 |  502.0 |
       Dungeon |   1506 |   1459 |     47 |      0 |   1134 |   3 |  502.0 |
               +--------+--------+--------+--------+--------+-----+--------+

Top non-repeatable levels by time:
     D:2: 654 daAuts
     D:1: 633 daAuts
     D:3: 217 daAuts
